 Dungeon Crawl Stone Soup version 0.26.1-11-gd32895ea62 (webtiles) character file.

Game seed: 3692046502064260732

3953 Descartes the Thaumaturge (level 10, -4/51 HPs)
             Began as a Deep Elf Hedge Wizard on Apr 27, 2021.
             Was an Initiate of Gozag.
             Slain by a sky beast (5 damage)
             ... on level 9 of the Dungeon on Apr 30, 2021.
             The game lasted 00:29:32 (12029 turns).

Descartes the Thaumaturge (Deep Elf Hedge Wizard)  Turns: 12029, Time: 00:29:32

Health: -4/51      AC: 13    Str: 10    XL:     10   Next: 2%
Magic:  25/35      EV: 16    Int: 22    God:    Gozag
Gold:   1019       SH:  0    Dex: 14    Spells: 23/29 levels left

rFire    . . .     SeeInvis .   B - +2 dagger (elec)
rCold    . . .     Faith    .   (no shield)
rNeg     . . .     Spirit   .   l - quicksilver dragon scales
rPois    +         Reflect  .   q - +0 hat
rElec    .         Harm     .   (no cloak)
rCorr    .         Rampage  .   D - +0 pair of gloves
Will     ++...                  (no boots)
Stlth    ++........             (no amulet)
HPRegen  0.17/turn              M - ring of magical power
MPRegen  0.24/turn              y - +4 ring of evasion

@: no status effects
A: rugged brown scales 1, clever 1, poison resistance
a: Renounce Religion, Potion Petition, Call Merchant, Bribe Branch


You were on level 9 of the Dungeon.
You worshipped Gozag.
Gozag was most pleased with you.
You visited 2 branches of the dungeon, and saw 10 of its levels.

You collected 1076 gold pieces.
You paid 57 gold pieces to Gozag.

Inventory:

Hand Weapons
 b - a +1 vorpal falchion
 f - a +1 dagger of venom
 B - a +2 dagger of electrocution (weapon)
Missiles
 a - 237 stones
 c - a throwing net
 j - 211 arrows
 m - 55 poisoned darts
 p - 68 sling bullets
 x - 19 boomerangs
 F - 58 bolts
Armour
 l - quicksilver dragon scales (worn)
 q - a +0 hat (worn)
 C - a +0 kite shield
 D - a +0 pair of gloves (worn)
Jewellery
 n - an uncursed ring of positive energy
 y - a +4 ring of evasion (right hand)
 M - a ring of magical power (left hand)
Wands
 H - a wand of polymorph (10)
Scrolls
 e - 2 scrolls of amnesia {unknown}
 h - 2 scrolls of enchant armour {unknown}
 i - 4 scrolls of remove curse {unknown}
 o - 4 scrolls of teleportation {unknown}
 r - 3 scrolls of magic mapping {unknown}
 s - 2 scrolls of immolation {unknown}
 A - a scroll of random uselessness {unknown}
 G - 2 scrolls of noise {unknown}
 K - 5 scrolls of enchant weapon {unknown}
 L - a scroll of fear {unknown}
Potions
 d - a potion of lignification {unknown}
 g - 2 potions of might
 k - 2 potions of curing
 t - a potion of brilliance
 u - 3 potions of haste
 v - a potion of mutation
 w - a potion of flight {unknown}
 z - a potion of invisibility {unknown}
 E - a potion of berserk rage
 I - 2 potions of magic
 J - a potion of ambrosia


   Skills:
 - Level 5.0 Armour
 - Level 5.0 Dodging
 + Level 4.5 Stealth
 - Level 10.0 Spellcasting
 - Level 10.0 Conjurations
 - Level 1.1 Summonings
 + Level 3.3 Translocations
 + Level 0.6 Air Magic
 + Level 0.8 Poison Magic
 + Level 2.6 Evocations


You had 23 spell levels left.
You knew the following spells:

 Your Spells              Type           Power        Failure   Level
a - Magic Dart            Conj           100%         1%          1
b - Mephitic Cloud        Conj/Pois/Air  27%          9%          3
c - Blink                 Tloc           N/A          5%          2

Your spell library contained the following spells:

 Spells                   Type           Power        Failure   Level
 Conjure Flame            Conj/Fire      33%          5%          3
 Gell's Gravitas          Tloc           12%          11%         3
 Call Imp                 Summ           15%          14%         2
 Slow                     Hex            11%          22%         2
 Confusing Touch          Hex            11%          38%         3
 Petrify                  Tmut/Erth      11%          80%         4
 Metabolic Englaciation   Hex/Ice        5%           98%         5
 Yara's Violent Unravell  Hex/Tmut       5%           98%         5


Dungeon Overview and Level Annotations

Branches:
Dungeon (9/15)             Temple (1/1) D:4
   Lair: D:8-11         Orc: D:9-12

Altars:
Ashenzari
Cheibriados
Dithmenos
Elyvilon
Fedhas
Gozag
Hepliaklqana
Kikubaaqudgha
Makhleb
Nemelex Xobeh
Okawaru
Qazlal
Ru
Sif Muna
Trog
Uskayaw
Vehumet
Wu Jian
Xom
Yredelemnul
Zin
The Shining One

Shops:
D:4 :   D:7 [

Annotations:
D:7 1 runed translucent door, Crazy Yiuf


Innate Abilities, Weirdness & Mutations

You are partially covered in rugged brown scales. (AC +1, +3% HP)
Your mind is acute. (Int +2)
Your system is resistant to poisons. (rPois)


Message History

You hit the sky beast.
The sky beast is severely wounded.
The sky beast flickers out of sight!
Deactivating autopickup; reactivate with Ctrl-A.
Something hits you but does no damage.
You miss something. Something hits you.
* * * LOW HITPOINT WARNING * * *
Something shocks you.
* * * LOW HITPOINT WARNING * * *
You miss something. Something hits you but does no damage.
You barely miss something. Something hits you but does no damage.
You hit something. Something hits you.
* * * LOW HITPOINT WARNING * * *
Something shocks you.
* * * LOW HITPOINT WARNING * * *
You hit something but do no damage. Something hits you.
* * * LOW HITPOINT WARNING * * *
Something shocks you.
You die...
Your body crumbles into a pile of gold.

P≈≈.$.≈ ...$...
..... ##... #..#
###.# #.$.#
###{##### ♣♣♣
#..@#...### #..
#.#.#.#.'.### #.# ##
+.#...#.#...###.# #.
#♣≈.≈♣#.###...#.###.
♣♣≈≈♣#.##..........
♣≈≈♣♣.##.####.####
P≈♣♣♣♣##. #.....
♣≈≈♣ ♣. ###### ♣≈.≈
♣.


There were no monsters in sight!

Vanquished Creatures
  Pikel (D:3)
  A troll (D:9)
  2 orc warriors (D:7)
  2 black bears
  A phantom (D:7)
  3 ogres
  2 centaurs
  8 bullfrogs
  A gnoll sergeant (D:8)
  2 scorpions
  3 killer bees (D:7)
  A howler monkey (D:9)
  2 electric eels (D:9)
  2 bullfrog zombies
  5 hounds
  2 jellies
  5 orc priests
  A bullfrog skeleton (D:5)
  2 centaur skeletons
  A gnoll shaman (D:9)
  7 orc wizards
  3 iguanas
  4 worker ants
  8 gnolls
  A howler monkey skeleton (D:6)
  10 adders
  3 shadow imps
  An ufetubus (D:6)
  2 oozes
  4 worms
  2 dart slugs
  10 leopard geckos
  29 orcs
  3 giant cockroaches
  12 goblins
  8 hobgoblins
  5 jackals
  A quokka (D:9)
  A ball python (D:1)
  12 bats
  4 frilled lizards
  6 kobolds
  A leopard gecko skeleton (D:6)
  A quokka zombie (D:7)
  7 rats
192 creatures vanquished.

Vanquished Creatures (others)
  An orc (D:9)
  18 plants
19 creatures vanquished.

Grand Total: 211 creatures vanquished

Notes
Turn   | Place    | Note
-------+----------+-------------------------------------------
     0 | D:1      | Descartes the Deep Elf Hedge Wizard began the quest for the
                  | Orb.
     0 | D:1      | Reached XP level 1. HP: 10/10 MP: 7/7
   288 | D:1      | Reached XP level 2. HP: 15/15 MP: 6/9
   801 | D:2      | Reached skill level 5 in Spellcasting
  1179 | D:2      | Reached XP level 3. HP: 18/19 MP: 6/11
  1205 | D:2      | Reached skill level 1 in Armour
  2229 | D:3      | Reached XP level 4. HP: 24/24 MP: 7/13
  2303 | D:3      | HP: 1/24 [orc priest/divine providence (10)]
  2905 | D:3      | Reached XP level 5. HP: 18/28 MP: 10/14
  3374 | D:3      | Found a shimmering altar of Xom.
  3604 | D:3      | Found a blossoming altar of Fedhas.
  3820 | D:3      | Reached XP level 6. HP: 30/32 MP: 15/15
  3981 | D:4      | Noticed Pikel
  4327 | D:4      | Reached skill level 5 in Conjurations
  4360 | D:4      | Found Ihoma's Book Emporium.
  4432 | D:4      | Found a staircase to the Ecumenical Temple.
  4506 | D:3      | Killed Pikel
  4507 | D:3      | Reached skill level 5 in Armour
  4507 | D:3      | Reached XP level 7. HP: 18/36 MP: 14/18
  4867 | D:4      | Found a snail-covered altar of Cheibriados.
  5036 | D:4      | Reached XP level 8. HP: 41/41 MP: 10/20
  5212 | D:4      | Found a sacrificial altar of Ru.
  5456 | D:4      | Found a basalt altar of Yredelemnul.
  5909 | D:5      | Entered Level 5 of the Dungeon
  5912 | D:5      | Found a broken altar of Ashenzari.
  5986 | D:5      | Reached skill level 5 in Dodging
  6053 | Temple   | Entered the Ecumenical Temple
  6294 | Temple   | Became a worshipper of Gozag Ym Sagoz the Greedy
  6374 | D:5      | Found a hazy altar of Hepliaklqana.
  7654 | D:6      | Reached skill level 10 in Spellcasting
  8018 | D:6      | Found an ornate altar of the Wu Jian Council.
  8107 | D:5      | Reached XP level 9. HP: 34/45 MP: 9/25
  8475 | D:7      | Found a runed translucent door.
  8476 | D:7      | Noticed Crazy Yiuf
  9643 | D:7      | Found Exiadas's Armour Boutique.
 11041 | D:8      | Gained mutation: You are partially covered in rugged brown
                  | scales. (AC +1, +3% HP) [potion of mutation]
 11041 | D:8      | Gained mutation: Your mind is acute. (Int +2) [potion of
                  | mutation]
 11041 | D:8      | Gained mutation: Your system is resistant to poisons.
                  | (rPois) [potion of mutation]
 11238 | D:9      | Reached skill level 10 in Conjurations
 11334 | D:9      | Reached skill level 1 in Evocations
 11490 | D:9      | Noticed a troll
 11520 | D:9      | Killed a troll
 11767 | D:9      | Learned a level 3 spell: Mephitic Cloud
 11770 | D:9      | Learned a level 2 spell: Blink
 11978 | D:9      | Reached XP level 10. HP: 51/51 MP: 26/26
 12029 | D:9      | HP: 1/51 [something (4)]
 12029 | D:9      | Slain by a sky beast

Illustrated notes

Levels and vault maps discovered:
D:1:      sevenhm_arrival_forest_fort_small_4, layout_rooms, serial_forest,
          infiniplex_forest_lined_room_, infiniplex_forest_fountain,
          infiniplex_forest_clump_long, infiniplex_forest_lined_3,
          infiniplex_forest_clump_diagonal, infiniplex_forest_lined_2,
          infiniplex_forest_end_double
D:2:      layout_basic
D:3:      layout_loops_ring, xom_teletrap_fun, fedhas_altar_1,
          minmay_pentomino_pile
D:4:      layout_layer_cave, kennysheep_little_box, yredelemnul_altar_generic,
          hangedman_ru_absence, temple_green, serial_shops, shop, uniq_pikel
D:5:      wad_lake_hut, layout_basic, kennysheep_mini_moat,
          evilmike_ruin_ashenzari
D:6:      layout_gridville, basic_altar, dk_noncrumbling_2
D:7:      layout_loops_ring, serial_shops, shop, uniq_crazy_yiuf_cottage
D:8:      layout_cave_pools, minmay_misc_feat_tiny
D:9:      layout_roguey, serial_bayou, serial_bayou_crossing,
          serial_bayou_ford_a, serial_bayou_pond_d, serial_bayou_shore_a
Temple:   regret_index_temple_generic_petals

Skill      XL: |  1  2  3  4  5  6  7  8  9 |
---------------+----------------------------+-----
Conjurations   | 2 3 4 5 6 10 | 10.0
Spellcasting   | 5 6 10 | 10.0
Armour         | 1 2 3 5 |  5.0
Dodging        | 4 5 |  5.0
Stealth        | 4 |  4.5
Translocations | 3 |  3.3
Evocations     | 2 |  2.6
Summonings     | |  1.1
Air Magic      | |  0.6
Poison Magic   | |  0.8

Action                   |  1- 3 |  4- 6 |  7- 9 | 10-12 || total
-------------------------+-------+-------+-------+-------++-------
Melee: Dagger            |    28 |    71 |    42 |    29 ||   170
 Cast: Magic Dart        |    95 |   108 |   505 |    16 ||   724
  Use: Potion            |       |     1 |     5 |       ||     6
       Scroll            |       |       |     7 |       ||     7
Armor: Robe              |     7 |       |       |       ||     7
       Quicksilver drago |    11 |    28 |   102 |    14 ||   155
Dodge: Dodged            |    36 |    52 |   255 |    12 ||   355
